 Dungeon Crawl Stone Soup version 0.20.0-10-g0535bb4 (webtiles) character file.

71892 Lochraine the Zephyrmancer (level 14, -4/129 HPs)
             Began as a Black Draconian Air Elementalist on June 6, 2017.
             Was a High Priest of Sif Muna.
             Shot with an arrow by a centaur warrior (5 damage)
             ... on level 14 of the Dungeon.
             The game lasted 01:28:32 (28206 turns).

Lochraine the Zephyrmancer (DrAE)                  Turns: 28206, Time: 01:28:33

Health: -4/129     AC: 12    Str: 11    XL:     14   Next: 99%
Magic:  1/30       EV: 21    Int: 20    God:    Sif Muna [*****.]
Gold:   1484       SH:  0    Dex: 14    Spells: 1/37 levels left

rFire    . . .     SeeInvis .   X - +8 glaive "Ilene" {freeze, MR+ Dex+2}
rCold    . . .     Gourm    +   (shield currently unavailable)
rNeg     . . .     Faith    .   (armour unavailable)
rPois    +         Spirit   .   F - +1 hat
rElec    +         Reflect  .   G - +0 cloak
rCorr    .         Harm     .   Q - +0 pair of gloves
MR       +....     Clarity  +   N - +0 pair of boots
Stlth    ++........             C - amulet of the gourmand
Regen    0.4/turn               a - ring of poison resistance
MPRegen  0.3/turn               m - +5 ring of evasion

@: about to teleport, vulnerable, flying, no casting
A: breathe lightning, unfitting armour, big wings, clarity, robust 1,
electricity resistance, wild magic 1, cold-blooded, MP-powered wands, AC +8
a: Breathe Lightning, Stop Flying, Stop Divine Energy, Channel Magic, Forget
Spell, Renounce Religion


You were on level 14 of the Dungeon.
You worshipped Sif Muna.
Sif Muna was extremely pleased with you.
You were very full.

You visited 2 branches of the dungeon, and saw 20 of its levels.
You also visited: Sewer and Ossuary.

You collected 1484 gold pieces.

Inventory:

Hand Weapons
 X - the +8 glaive "Ilene" (weapon) {freeze, MR+ Dex+2}
   (You acquired it on level 2 of the Lair of Beasts)

   It has been specially enchanted to freeze those struck by it, causing extra
   injury to most foes and up to half again as much damage against particularly
   susceptible opponents.
   It can also slow down cold-blooded creatures.
   It affects your dexterity (+2).
   It affects your resistance to hostile enchantments.
Missiles
 j - 29 sling bullets
 u - a throwing net (quivered) {!f}
Armour
 F - a +1 hat (worn)
   (You found it on level 6 of the Dungeon)
 G - a +0 cloak (worn)
   (You found it on level 2 of the Lair of Beasts)
 N - a +0 pair of boots (worn)
   (You found it on level 4 of the Lair of Beasts)
 Q - a +0 pair of gloves (worn)
   (You found it on level 3 of the Lair of Beasts)
Jewellery
 a - a ring of poison resistance (left hand)
   (You found it on level 12 of the Dungeon)
 b - an uncursed ring of protection from fire
   (You found it on level 12 of the Dungeon)
 m - a +5 ring of evasion (right hand)
   (You found it on level 2 of the Dungeon)
 v - an uncursed ring of protection from fire
   (You took it off a crimson imp on level 8 of the Dungeon)
 z - an uncursed ring of see invisible
   (You found it on level 6 of the Lair of Beasts)
 C - an amulet of the gourmand (around neck)
   (You found it on level 5 of the Dungeon)
 T - an uncursed ring of wizardry
   (You took it off an orc on level 7 of the Dungeon)
 W - an uncursed ring of ice
   (You took it off Fannar on level 10 of the Dungeon)
Wands
 d - a wand of iceblast (3/15)
   (You found it in a sewer)
 n - a wand of clouds (3/9)
   (You took it off Ijyb on level 3 of the Dungeon)
 t - a wand of flame (29/48)
   (You found it on level 1 of the Lair of Beasts)
 x - a wand of acid (10/15)
   (You found it on level 4 of the Lair of Beasts)
 U - a wand of enslavement (13/24)
   (You found it on level 5 of the Lair of Beasts)
 Y - a wand of lightning (9/15)
   (You found it on level 10 of the Dungeon)
Scrolls
 l - 6 scrolls of teleportation {@r4}
 r - a scroll of enchant weapon
 s - 6 scrolls of fear
 y - 6 scrolls of identify {@r1}
 A - 7 scrolls of amnesia
 B - 5 scrolls of magic mapping
 D - 3 scrolls of recharging
 E - a scroll of fog
 I - a scroll of blinking
 M - 3 scrolls of enchant armour
 O - 2 scrolls of brand weapon
 V - 10 scrolls of remove curse {@r2}
 Z - a scroll of summoning {unknown}
Potions
 c - 3 potions of flight
 e - 7 potions of mutation {!q}
 f - 2 potions of cancellation {unknown}
 g - 3 potions of invisibility
 h - 6 potions of lignification {!q}
 i - 14 potions of curing {@q1}
 k - a potion of resistance {unknown}
 o - 4 potions of might
 w - 4 potions of ambrosia {unknown}
 H - 3 potions of brilliance
 J - 2 potions of magic
 K - 6 potions of haste {@q3}
 R - 2 potions of berserk rage {unknown}
Comestibles
 p - 9 meat rations
 q - 11 bread rations
 L - 23 fruits
 P - 9 royal jellies
 S - a chunk of flesh


   Skills:
 - Level 9.0 Fighting
 * Level 11.2 Polearms
 + Level 7.3 Dodging
 - Level 1.7 Stealth
 + Level 12.2 Spellcasting
 - Level 3.5 Conjurations
 + Level 10.7 Hexes
 - Level 12.8 Air Magic
 - Level 4.7 Poison Magic
 - Level 5.8 Invocations


You had one spell level left.
You knew the following spells:

 Your Spells              Type           Power        Failure   Level  Hunger
a - Ensorcelled Hibernat  Hex/Ice        #####.       1%          2    None
b - Airstrike             Air            ######....   1%          4    #......
c - Static Discharge      Conj/Air       ######..     1%          3    None
d - Lightning Bolt        Conj/Air       ######....   9%          5    ####...
e - Mephitic Cloud        Conj/Pois/Air  ######..     1%          3    None
f - Invisibility          Hex            ######..     14%         6    ######.
g - Ozocubu's Armour      Chrm/Ice       ###.....     24%         3    None
h - Olgreb's Toxic Radia  Pois           #####...     12%         4    #......
i - Shock                 Conj/Air       ####         1%          1    None
s - Swiftness             Chrm/Air       #####...     1%          2    None
x - Confuse               Hex            ######..     1%          3    None


Dungeon Overview and Level Annotations

Branches:
Dungeon (14/15)            Temple (0/1) D:6            Lair (6/6) D:8
 Shoals (0/4) Lair:2       Spider (0/4) Lair:3        Slime (0/5) Lair:5
    Orc (0/2) D:12         Vaults (0/5) D:13

Altars:
Dithmenos
Elyvilon
Gozag
Makhleb
Okawaru
Ru
Sif Muna
Trog
Yredelemnul
Jiyva

Annotations:
D:7 1 runed door


Innate Abilities, Weirdness & Mutations

You can breathe wild blasts of lightning.
Your glossy black scales are hard. (AC +8)
You cannot fit into any form of body armour.
Your large and strong wings let you fly indefinitely.
You are resistant to electric shocks. (rElec)
You are cold-blooded and may be slowed by cold attacks.
You possess an exceptional clarity of mind.
You are robust. (+10% HP)
Your spells are a little harder to cast, but a little more powerful.
You expend magic power (3 MP) to strengthen your wands.


Message History

Sif Muna accepts your kill.
Your damage is reflected back at you!
The phantasmal warrior blinks!
Attack whom?
Aim: a phantasmal warrior You reach to attack!
You slice the phantasmal warrior!! You freeze the phantasmal warrior.
A centaur and a wraith come into view.
You barely miss the phantasmal warrior.
The centaur shouts!
You tail-slap the phantasmal warrior, but do no damage.
The phantasmal warrior hits you but does no damage.
A freezing wraith comes into view.
You hit the phantasmal warrior.
The phantasmal warrior closely misses you.
A centaur warrior comes into view.
You begin to radiate toxic energy.
The centaur warrior is poisoned.
The centaur is poisoned.
The phantasmal warrior misses you.
You closely miss the phantasmal warrior.
The centaur warrior looks even sicker.
The centaur looks even sicker.
The phantasmal warrior hits you!
Your magical defenses are stripped away!
The phantasmal warrior completely misses you.
A centaur comes into view.
The centaur shouts!
You slash the phantasmal warrior!
The centaur is poisoned.
The phantasmal warrior closely misses you.
A centaur comes into view.
Aim: a wraith You miscast Lightning Bolt.
Sif Muna protects you from the effects of your miscast!
Sif Muna grants you divine energy.
You briefly lose access to your magic!
The centaur is poisoned.
The centaur looks even sicker.
Your toxic aura wanes.
The phantasmal warrior hits you!!
* * * LOW HITPOINT WARNING * * *
The phantasmal warrior blinks!
A centaur comes into view.
A kobold comes into view.
The kobold shouts!
The phantasmal warrior hits you!!
* * * LOW HITPOINT WARNING * * *
As you read the scroll of teleportation {@r4}, it crumbles to dust.
You feel strangely unstable.
The centaur warrior wields a shortbow.
The centaur warrior shoots an arrow.
The arrow misses you.
The kobold throws a stone.
The stone misses you. The phantasmal warrior hits you!!
* * * LOW HITPOINT WARNING * * *
The centaur warrior shoots an arrow.
The arrow hits you.
You die...

.######## #c..# #
........#######cc.#
#
...............WW##
#
.####...########c#
# .# #.# #c# # .#
#.# #c# # ## #.#
#.# # #######.#
#.####### #.# #
#...##.#
#####@....... ..#.#
# ##...##.#
#...W..###### #.#.#
......).####...K..#
#.#.#
......).)((..(....#
#>#.#
....().#####....(##
#.#.# ##...###
#.....# #.#.# #...#
###.#.# ##.#.####
##.####### #.#.#
#........ #.#
#...####.#.#
#.#######


You could see a centaur warrior, a phantasmal warrior, a freezing wraith, a
wraith, 4 centaurs and a kobold.

Vanquished Creatures
  A fire dragon (Lair:6)
  Fannar (D:10)
  5 hydras
  Harold (D:10)
  A catoblepas (Lair:4)
  2 death knights
  9 two-headed ogres
  11 death yaks
  Nergalle (Lair:4)
  2 unseen horrors (D:11)
  2 lindwurms
  2 deep elf magi
  A necromancer (Lair:2)
  3 ugly things
  2 cyclopes
  2 manticores
  5 elephants (Lair:6)
  Psyche (D:9)
  3 molten gargoyles (Lair:6)
  A torpor snail (Lair:2)
  A gargoyle (D:12)
  2 centaur zombies
  5 black mambas
  A kobold demonologist (D:12)
  15 spiny frogs
  A rime drake (Lair:4)
  A freezing wraith (D:14)
  A redback zombie (D:13)
  7 komodo dragons
  5 trolls
  A hornet (D:8)
  10 slime creatures
  Prince Ribbit (D:7)
  10 blink frogs
  10 dream sheep
  14 hippogriffs
  A wraith (D:13)
  9 wyverns
  26 yaks
  12 basilisks
  4 vampire mosquitoes
  4 steam dragons
  6 swamp worms (D:12)
  A soldier ant (D:11)
  Duvessa (D:7)
  4 hell hounds (Lair:6)
  15 water moccasins
  9 porcupines
  Purgy (Sewer)
  2 ice beasts
  A black bear (D:6)
  3 phantoms
  4 orc warriors
  6 necrophages
  An eye of draining (D:12)
  2 sky beasts
  24 wolves
  4 centaurs
  6 ogres
  4 crocodiles
  Blork the orc (D:5)
  3 big kobolds
  16 bullfrogs
  Dowan (D:7)
  A water moccasin zombie (D:6)
  2 scorpions
  10 killer bees
  5 wights
  6 howler monkeys
  An electric eel (Lair:5)
  6 crimson imps
  5 lava snakes (Lair:6)
  3 bullfrog zombies
  2 quasits
  10 jellies
  5 bullfrog skeletons
  11 orc wizards
  6 orc priests
  7 hounds
  A centaur skeleton (D:6)
  Ijyb (D:3)
  10 iguanas
  3 polar bear simulacra (Lair:2)
  11 worker ants
  2 wolf simulacra (Lair:2)
  3 yak simulacra (Lair:2)
  3 hound skeletons
  A mummy (D:6)
  A howler monkey zombie (D:8)
  3 worker ant zombies
  10 gnolls
  3 howler monkey skeletons
  21 adders
  2 shadow imps (D:13)
  16 oozes
  4 adder zombies
  4 adder skeletons
  12 worms (D:12)
  A dart slug (D:4)
  6 leopard geckos
  40 orcs
  A ball python (D:4)
  12 bats
  A bat zombie (D:2)
  7 giant cockroaches
  7 goblins
  13 hobgoblins
  7 jackals
  10 quokkas
  2 ball python skeletons (Ossuary)
  4 frilled lizards
  A goblin zombie (D:6)
  2 hobgoblin skeletons (Ossuary)
  2 hobgoblin zombies
  19 kobolds
  A kobold zombie (Ossuary)
  A leopard gecko skeleton (D:8)
  2 orc zombies (Ossuary)
  2 quokka skeletons
  6 rats
  3 river rat simulacra (Lair:2)
  2 fungi
655 creatures vanquished.

Vanquished Creatures (others)
  A death yak (D:8)
  A basilisk (Lair:6)
  A wight (D:10)
  3 fungi (Lair:3)
  5 plants
11 creatures vanquished.

Grand Total: 666 creatures vanquished

Notes
Turn   | Place    | Note
-------+----------+-------------------------------------------
     0 | D:1      | Lochraine the Draconian Air Elementalist began the quest for the Orb.
     0 | D:1      | Reached XP level 1. HP: 14/14 MP: 3/3
   329 | D:1      | Reached XP level 2. HP: 15/20 MP: 3/5
  1060 | D:1      | Reached XP level 3. HP: 26/26 MP: 6/6
  1670 | D:2      | Learned a level 2 spell: Swiftness
  2510 | D:2      | Reached XP level 4. HP: 33/33 MP: 2/8
  3418 | D:3      | Reached XP level 5. HP: 38/38 MP: 10/10
  3467 | D:3      | Found an opulent altar of Gozag.
  3883 | D:4      | Noticed Ijyb
  3919 | D:3      | Killed Ijyb
  4075 | D:4      | Reached skill level 5 in Air Magic
  4202 | D:4      | Reached XP level 6. HP: 45/45 MP: 11/11
  4277 | D:4      | Learned a level 3 spell: Confuse
  4316 | D:4      | Reached skill level 1 in Polearms
  4325 | D:4      | Reached skill level 1 in Hexes
  4342 | D:4      | Reached skill level 1 in Fighting
  4419 | D:4      | Found a glowing drain.
  4461 | Sewer    | Entered a sewer
  4490 | Sewer    | Noticed Purgy
  4505 | Sewer    | Killed Purgy
  4716 | D:4      | Your scales start taking on a glossy black colour.
  4716 | D:4      | Reached XP level 7. HP: 51/53 MP: 12/12
  4716 | D:4      | Gained mutation: You are resistant to electric shocks. (rElec) [Black Draconian growth]
  4771 | D:5      | Entered Level 5 of the Dungeon
  4980 | D:5      | Noticed Blork the orc
  5957 | D:5      | Killed Blork the orc
  6099 | D:5      | Learned a level 4 spell: Airstrike
  6175 | D:5      | Found an iron altar of Okawaru.
  6176 | D:5      | Found a bloodstained altar of Trog.
  6176 | D:5      | Found a white marble altar of Elyvilon.
  6176 | D:5      | Found a sacrificial altar of Ru.
  6177 | D:5      | Found a basalt altar of Yredelemnul.
  6177 | D:5      | Found a burning altar of Makhleb.
  6177 | D:5      | Found a shadowy altar of Dithmenos.
  6178 | D:5      | Found a deep blue altar of Sif Muna.
  6189 | D:5      | Became a worshipper of Sif Muna the Loreminder
  6364 | D:6      | Reached XP level 8. HP: 55/62 MP: 13/13
  6562 | D:6      | Found a sand-covered staircase.
  6574 | Ossuary  | Entered an ossuary
  6677 | Ossuary  | Noticed a flying skull
  6683 | Ossuary  | Noticed a flying skull
  6688 | Ossuary  | Noticed a flying skull
  6733 | Ossuary  | Noticed a flying skull
  7487 | D:6      | Found a staircase to the Ecumenical Temple.
  7558 | D:6      | Reached * piety under Sif Muna
  7592 | D:6      | Learned a level 3 spell: Static Discharge
  7728 | D:7      | Noticed Duvessa
  7729 | D:7      | Noticed Dowan
  7774 | D:7      | Killed Duvessa
  7774 | D:7      | Reached skill level 5 in Polearms
  7781 | D:7      | Killed Dowan
  7937 | D:7      | Found a runed door.
  8155 | D:7      | Got a twisted fustibalus
  8156 | D:7      | Identified the +4 fustibalus of the Present {velocity, +Fly rElec Dex+4} (You found it on level 7 of the Dungeon)
  8215 | D:7      | Reached XP level 9. HP: 71/71 MP: 1/14
  8402 | D:7      | Gained mutation: You possess an exceptional clarity of mind. [potion of mutation]
  8402 | D:7      | Gained mutation: You expend magic power (3 MP) to strengthen your wands. [potion of mutation]
  8402 | D:7      | Gained mutation: You are robust. (+10% HP) [potion of mutation]
  8402 | D:7      | Gained mutation: Your spells are a little harder to cast, but a little more powerful. [potion of mutation]
  8535 | D:7      | Noticed Prince Ribbit
  8545 | D:7      | Killed Prince Ribbit
  8545 | D:7      | Reached skill level 5 in Hexes
  8592 | D:7      | Reached ** piety under Sif Muna
  9400 | D:8      | Noticed a death yak
  9401 | D:8      | Noticed a death yak
  9460 | D:8      | Killed a death yak
  9460 | D:8      | Reached skill level 10 in Air Magic
  9593 | D:8      | Found a staircase to the Lair.
  9593 | D:8      | Noticed a death yak
  9593 | D:8      | Noticed a death yak
  9593 | D:8      | Noticed a death yak
  9926 | D:7      | Reached *** piety under Sif Muna
  9951 | D:8      | Reached skill level 5 in Fighting
 10038 | D:8      | Noticed a death yak
 10085 | D:8      | Killed a death yak
 10085 | D:8      | Reached XP level 10. HP: 89/89 MP: 1/16
 10632 | D:8      | Noticed a deep elf mage
 10764 | D:8      | Killed a deep elf mage
 10926 | D:8      | Noticed a death knight
 10967 | D:8      | Killed a death knight
 10967 | D:8      | Reached **** piety under Sif Muna
 11214 | D:8      | Reached skill level 5 in Spellcasting
 11379 | D:8      | Learned a level 5 spell: Lightning Bolt
 11384 | D:8      | Noticed a death yak
 11426 | D:8      | Killed a death yak
 11426 | D:8      | Reached skill level 1 in Invocations
 11427 | D:8      | Noticed a death yak
 11473 | D:8      | Killed a death yak
 11473 | D:8      | Reached XP level 11. HP: 48/95 MP: 0/19
 11487 | D:8      | Killed a death yak
 11721 | D:8      | Killed a death yak
 11732 | D:8      | Killed a death yak
 12246 | D:9      | Noticed a two-headed ogre
 12255 | D:9      | Killed a two-headed ogre
 12402 | D:9      | Reached ***** piety under Sif Muna
 12449 | D:9      | Noticed a two-headed ogre
 12489 | D:8      | Killed a two-headed ogre
 12489 | D:8      | Identified Sif Muna's Incunabulum of Hexes and the Birds (Sif Muna gifted it to you on level 8 of the Dungeon)
 12489 | D:8      | Received a gift from Sif Muna
 12586 | D:8      | Learned a level 3 spell: Mephitic Cloud
 12660 | D:9      | Noticed a two-headed ogre
 12669 | D:9      | Killed a two-headed ogre
 12696 | D:9      | Noticed a two-headed ogre
 12706 | D:9      | Killed a two-headed ogre
 12812 | D:9      | Noticed Psyche
 12815 | D:9      | Killed Psyche
 13739 | D:10     | Entered Level 10 of the Dungeon
 13934 | D:10     | Noticed a two-headed ogre
 13950 | D:10     | Killed a two-headed ogre
 13950 | D:10     | Reached skill level 10 in Hexes
 13950 | D:10     | Reached XP level 12. HP: 33/103 MP: 5/24
 14004 | D:10     | Noticed Fannar
 14107 | D:10     | Killed Fannar
 14107 | D:10     | Reached skill level 5 in Invocations
 14272 | D:10     | Noticed Harold
 15072 | D:10     | Killed Harold
 15312 | D:10     | Learned a level 6 spell: Invisibility
 15788 | Lair:1   | Entered Level 1 of the Lair of Beasts
 15969 | D:8      | Identified Usylaika's Guide on Lucky Attacks (Sif Muna gifted it to you on level 8 of the Dungeon)
 15969 | D:8      | Received a gift from Sif Muna
 16265 | Lair:1   | Identified the +8 flail "Licy" {protect, +Rage +Fly rElec} (You found it on level 1 of the Lair of Beasts)
 16572 | Lair:1   | Noticed a six-headed hydra
 16577 | Lair:1   | Killed a six-headed hydra
 17111 | Lair:2   | Found a staircase to the Shoals.
 17211 | Lair:2   | Identified a scroll of acquirement
 17212 | Lair:2   | Got a jewelled glaive
 17213 | Lair:2   | Identified the +8 glaive "Ilene" {freeze, MR+ Dex+2} (You acquired it on level 2 of the Lair of Beasts)
 17301 | Lair:2   | Noticed an eight-headed hydra
 17310 | Lair:2   | Killed an eight-headed hydra
 18901 | Lair:3   | Reached XP level 13. HP: 115/115 MP: 16/26
 19188 | Lair:3   | Found a hole to the Spider Nest.
 19263 | Lair:3   | Reached skill level 10 in Spellcasting
 19951 | Lair:4   | Reached skill level 5 in Dodging
 20842 | Lair:4   | Noticed Nergalle
 20844 | Lair:4   | Killed Nergalle
 21864 | Lair:5   | Identified Ufohont's Catalogue of Creative Augmentations (Sif Muna gifted it to you on level 5 of the Lair of Beasts)
 21864 | Lair:5   | Received a gift from Sif Muna
 22040 | Lair:5   | Found a viscous altar of Jiyva.
 22040 | Lair:5   | Found a staircase to the Slime Pits.
 22484 | Lair:6   | Entered Level 6 of the Lair of Beasts
 22892 | Lair:5   | Learned a level 3 spell: Ozocubu's Armour
 22899 | Lair:6   | Gained mutation: Your large and strong wings let you fly indefinitely. [Black Draconian growth]
 22899 | Lair:6   | Reached XP level 14. HP: 110/127 MP: 20/29
 23375 | Lair:6   | Found a large runed door.
 23375 | Lair:6   | Found a large runed door.
 24316 | Lair:6   | Reached skill level 10 in Polearms
 24547 | Lair:1   | Learned a level 4 spell: Olgreb's Toxic Radiance
 24683 | D:11     | Reached skill level 1 in Poison Magic
 26150 | D:12     | Received a gift from Sif Muna
 26151 | D:12     | Identified Sif Muna's Handbook of Bewitchment (Sif Muna gifted it to you on level 12 of the Dungeon)
 26187 | D:12     | Learned a level 2 spell: Ensorcelled Hibernation
 26465 | D:12     | Identified the amulet of Free Expression {rC- Regen+ Str+3} (You found it on level 12 of the Dungeon)
 26512 | D:12     | Found a staircase to the Orcish Mines.
 27642 | D:13     | Found a gate to the Vaults.
 28206 | D:14     | HP: 1/129 [phantasmal warrior[a death knight] (33)]
 28206 | D:14     | Shot with an arrow by a centaur warrior

Skill      XL: |  1  2  3  4  5  6  7  8  9 10 11 12 13 14 |
---------------+-------------------------------------------+-----
Spellcasting   | 3 4 5 8 9 11 12 | 12.2
Air Magic      | 4 5 6 8 10 11 12 | 12.8
Conjurations   | 2 3 |  3.5
Polearms       | 2 3 5 6 9 11 | 11.2
Hexes          | 2 3 4 6 8 10 | 10.7
Dodging        | 2 3 4 6 7 |  7.3
Fighting       | 1 2 3 5 6 7 8 9 |  9.0
Invocations    | 1 4 5 |  5.8
Poison Magic   | 4 |  4.7
Stealth        | |  1.7

Action                   |  1- 3 |  4- 6 |  7- 9 | 10-12 | 13-15 || total
-------------------------+-------+-------+-------+-------+-------++-------
Melee: Whip              |    16 |       |       |       |       ||    16
       Trident           |       |   108 |   512 |       |       ||   620
       Tailslap          |       |     7 |    45 |    11 |    57 ||   120
       Glaive            |       |       |       |    60 |   654 ||   714
       Staff             |       |       |       |    10 |       ||    10
 Fire: Hunting sling     |    95 |    87 |       |       |       ||   182
       Fustibalus        |       |       |    50 |   424 |       ||   474
Throw: Throwing net      |       |       |     1 |       |       ||     1
 Cast: Shock             |    48 |    80 |    31 |    17 |       ||   176
       Confuse           |       |       |    20 |    17 |     5 ||    42
       Airstrike         |       |       |    37 |    54 |    19 ||   110
       Static Discharge  |       |       |     3 |     4 |    29 ||    36
       Lightning Bolt    |       |       |       |    41 |    45 ||    86
       Mephitic Cloud    |       |       |       |    13 |     7 ||    20
       Invisibility      |       |       |       |     2 |     6 ||     8
       Swiftness         |       |       |       |     1 |       ||     1
       Ozocubu's Armour  |       |       |       |       |     2 ||     2
       Olgreb's Toxic Ra |       |       |       |       |     7 ||     7
       Ensorcelled Hiber |       |       |       |       |     3 ||     3
Invok: Divine Energy     |       |       |     1 |       |       ||     1
 Abil: Breathe Lightning |       |       |     7 |    12 |    15 ||    34
       Fly               |       |       |       |       |     1 ||     1
Evoke: Wand              |       |     1 |     3 |     2 |     1 ||     7
  Use: Scroll            |     4 |     6 |     5 |    15 |    10 ||    40
       Potion            |       |       |     4 |     2 |     1 ||     7
 Stab: Sleeping          |     1 |     9 |     7 |       |    17 ||    34
       Confused          |       |       |     3 |       |     5 ||     8
       Invisible         |       |       |       |     7 |    19 ||    26
       Petrified         |       |       |       |       |     4 ||     4
       Distracted        |       |       |       |       |     5 ||     5
  Eat: Chunk             |     5 |     5 |    36 |    48 |    44 ||   138
       Fruit             |       |     1 |     1 |       |       ||     2
       Meat ration       |       |     1 |       |       |       ||     1
       Royal jelly       |       |     1 |       |       |       ||     1
       Bread ration      |       |       |     1 |       |       ||     1
Armor: Skin              |    27 |    36 |    95 |    77 |   144 ||   379
Dodge: Dodged            |    60 |   170 |   451 |   356 |   707 ||  1744
